 Dungeon Crawl Stone Soup version 0.17-a0-2118-g63bad21 (webtiles) character file.

53 fredomojojo the Skirmisher (level 4, -8/35 HPs)
             Began as a Human Fighter on Oct 20, 2015.
             Mangled by Barrydekale's ghost (9 damage)
             ... on level 3 of the Dungeon.
             The game lasted 00:23:58 (1260 turns).

fredomojojo the Skirmisher (Human Fighter)          Turns: 1260, Time: 00:23:58

Health: -8/35      AC:  6    Str: 17    XL:     4   Next: 11%
Magic:  4/4        EV:  7    Int:  9    God:
Gold:   85         SH:  9    Dex: 12    Spells: 0 memorised, 3 levels left

rFire  . . .     SeeInvis .     a - +0 long sword
rCold  . . .     Clarity  .     k - +0 scale mail
rNeg   . . .     SustAt   .     c - +0 shield
rPois  .         Gourm    .     (no helmet)
rElec  .         Spirit   .     (no cloak)
rCorr  .         Warding  .     (no gloves)
rMut   .         Stasis   .     (no boots)
MR     .....                    (no amulet)
Stlth  ..........               (no ring)
                                (no ring)

@: lethally poisoned (-8 -> -40), exhausted, not resistant to hostile
enchantments, extremely unstealthy
A: no striking features
a: no special abilities


You were on level 3 of the Dungeon.
You were not hungry.

You visited 1 branch of the dungeon, and saw 3 of its levels.

You collected 85 gold pieces.

Inventory:

Hand Weapons
 a - a +0 long sword (weapon)
Missiles
 b - 20 poisoned bolts
 h - 29 sling bullets
 i - 17 arrows of flame
 l - 57 stones (quivered)
 n - 10 javelins
Armour
 c - a +0 shield (worn)
 k - a +0 scale mail (worn)
Wands
 g - a wand of polymorph (14)
 m - a wand of slowing (32)
 o - a wand of fireball (6)
Scrolls
 f - a scroll of fog
 j - 2 scrolls of identify
Potions
 d - a potion of might
 q - a potion of lignification
 r - a potion of heal wounds
Comestibles
 e - 2 bread rations
 p - 4 fruits


   Skills:
 + Level 3.5 Fighting
 * Level 2.6 Long Blades
 + Level 0.2 Throwing
 * Level 3.4 Armour
 + Level 3.4 Shields


You had 3 spell levels left.
You didn't know any spells.

Dungeon Overview and Level Annotations

Branches:
Dungeon (3/15)

Altars:

Annotations:
D:3 Barrydekale's ghost, amateur MiFi


Message History

You block Barrydekale's ghost's attack.
Barrydekale's ghost whispers, "There is no future for you."
Barrydekale's ghost hits you but does no damage.
You are more poisoned.
Zapping:
o - a wand of fireball (will waste charges)
Press: ? - help, Shift-Dir - straight line, f - orc
Aim: an orc, wielding a short sword and wearing a leather armour That beam is likely to hit you.
Continue anyway?
The fireball explodes!
The fireball engulfs Barrydekale's ghost.
Barrydekale's ghost is heavily damaged.
The fireball engulfs the orc.
The orc is almost dead.
The fireball engulfs you!
* * * LOW HITPOINT WARNING * * *
Evoking this partially-identified wand wasted a few charges.
* * * LOW HITPOINT WARNING * * *
You feel very sick. Barrydekale's ghost hits you!
You die...

......##.#.##.#.##...##.#
.#.##.##.............. #
.#.....#.......#.##..#
.####..#.............#
.####.......>........
......##.....<...##.
#####.##.....>.### .#
#.##.......####..#
#.##......oW@....#
#.##############.# #.#
#.# # .# #.. #.###..#
#.#.r.. #.#.#w# ..... ...


You could see Barrydekale's ghost and an orc.

Vanquished Creatures
  2 adders
  A giant gecko (D:1)
  5 giant cockroaches
  9 hobgoblins
  4 kobolds
  3 bats (D:1)
  2 giant newts
  3 goblins
  6 rats
35 creatures vanquished.

Notes
Turn   | Place    | Note
--------------------------------------------------------------
     0 | D:1      | fredomojojo the Human Fighter began the quest for the Orb.
     0 | D:1      | Reached XP level 1. HP: 18/18 MP: 1/1
    70 | D:1      | Reached XP level 2. HP: 20/24 MP: 2/2
   181 | D:1      | Reached XP level 3. HP: 15/29 MP: 3/3
  1045 | D:1      | Reached XP level 4. HP: 35/35 MP: 4/4
  1246 | D:3      | Noticed Barrydekale's ghost (amateur MiFi)
  1260 | D:3      | HP: 1/35 [poisoned by Barrydekale's ghost]
  1260 | D:3      | Mangled by Barrydekale's ghost

Vault maps used:
D:1:      lemuel_arrival_tunnels
D:2:      first_bread, interstate_on_off, minmay_misc_feat_square
D:3:      nicolae_qazlal_eye_of_the_storm

Action                   |  1- 3 |  4- 6 || total
-------------------------+-------+-------++-------
Melee: Long sword        |   102 |    19 ||   121
Throw: Stone             |    24 |     4 ||    28
Evoke: Wand              |       |     1 ||     1
  Use: Scroll            |     3 |     1 ||     4
       Potion            |     2 |     2 ||     4
  Eat: Bread ration      |       |     1 ||     1
